 Dungeon Crawl Stone Soup version 0.23.1 (webtiles) character file.

Game seed: 3093980809348796595

37 Hasart the Skirmisher (level 3, 0/29 HPs)
             Began as a Demonspawn Fighter on Mar 6, 2019.
             Was a Follower of Sif Muna.
             Succumbed to an adder's poison
             ... on level 2 of the Dungeon.
             The game lasted 00:01:57 (1002 turns).

Hasart the Skirmisher (Demonspawn Fighter)          Turns: 1002, Time: 00:01:58

Health: 0/29       AC:  8    Str: 17    XL:     3   Next: 23%
Magic:  3/3        EV:  6    Int:  9    God:    Sif Muna [*.....]
Gold:   50         SH:  8    Dex: 12    Spells: 2/2 levels left

rFire    . . .     SeeInvis .   a - +0 long sword
rCold    . . .     Gourm    .   c - +0 shield
rNeg     . . .     Faith    .   b - +0 scale mail
rPois    .         Spirit   .   (no helmet)
rElec    .         Reflect  .   (no cloak)
rCorr    .         Harm     .   (no gloves)
MR       .....                  (no boots)
Stlth    ..........             (no amulet)
HPRegen  0.09/turn              i - ring of attention (curse)
MPRegen  0.08/turn              (no ring)

@: lethally poisoned (0 -> -9)
A: talons 1, icy blue scales 1
a: Divine Energy, Renounce Religion


You were on level 2 of the Dungeon.
You worshipped Sif Muna.
Sif Muna was aware of your devotion.
You were not hungry.

You visited 1 branch of the dungeon, and saw 2 of its levels.

You collected 50 gold pieces.

Inventory:

Hand Weapons
 a - a +0 long sword (weapon)
Armour
 b - a +0 scale mail (worn)
 c - a +0 shield (worn)
Jewellery
 i - a cursed ring of attention (left hand)
Scrolls
 e - 4 scrolls of identify {unknown}
 h - a scroll of fear {unknown}
 k - 3 scrolls of enchant weapon {unknown}
Potions
 d - a potion of might
 g - a potion of agility {unknown}
Comestibles
 f - 3 rations


   Skills:
 + Level 3.4 Fighting
 * Level 3.0 Long Blades
 - Level 2.6 Armour
 - Level 2.6 Shields


You had 2 spell levels left.
You didn't know any spells.
Your spell library was empty.

Dungeon Overview and Level Annotations

Branches:
Dungeon (2/15)

Altars:
Sif Muna


Innate Abilities, Weirdness & Mutations

You have sharp toenails.
You are partially covered in icy blue scales. (AC +2)


Message History

You are more poisoned.
The adder poisons you!
You feel sick. The adder bites you but does no damage.
You feel sick. The adder bites you. The adder bites you.
* * * LOW HITPOINT WARNING * * *
You are more poisoned.
The adder poisons you! The adder bites you but does no damage.
* * * LOW HITPOINT WARNING * * *
You feel sick. The adder barely misses you.
You riposte.
You hit the adder.
The adder is moderately wounded.
* * * LOW HITPOINT WARNING * * *
You feel sick. You block the adder's attack.
The adder bites you but does no damage. The adder bites you.
* * * LOW HITPOINT WARNING * * *
* * * LOW HITPOINT WARNING * * *
You feel sick. The adder bites you but does no damage.
* * * LOW HITPOINT WARNING * * *
You feel sick. The adder bites you but does no damage.
You die...

#......+.....
#######.#.##....#
........#.##....#
###...###.#.....#
###...# #.#.>..#
.....## #.#....#
####.####.#....###
#.............#
######.######@#
#......#S#
###.#.##S# ## ...
##. .. .. ...


You could see an adder and a ball python.

Vanquished Creatures
  An adder (D:2)
  2 giant cockroaches
  A goblin (D:1)
  6 hobgoblins
  4 jackals (D:1)
  3 bats (D:1)
  A frilled lizard (D:1)
  3 kobolds (D:1)
  5 rats
26 creatures vanquished.

Notes
Turn   | Place    | Note
-------+----------+-------------------------------------------
     0 | D:1      | Hasart the Demonspawn Fighter began the quest for the Orb.
     0 | D:1      | Reached XP level 1. HP: 18/18 MP: 1/1
   223 | D:1      | Gained mutation: You have sharp toenails. [demonic
                  | ancestry]
   223 | D:1      | Reached XP level 2. HP: 24/24 MP: 2/2
   886 | D:2      | Gained mutation: You are partially covered in icy blue
                  | scales. (AC +2) [demonic ancestry]
   886 | D:2      | Reached XP level 3. HP: 28/29 MP: 3/3
   888 | D:2      | Found a faded altar of an unknown god.
   897 | D:2      | Became a worshipper of Sif Muna the Loreminder
   897 | D:2      | Reached * piety under Sif Muna
  1001 | D:2      | HP: 1/29 [poisoned by an adder]
  1002 | D:2      | Succumbed to an adder's poison

Skill      XL: |  1  2  3 |
---------------+----------+-----
Long Blades    | 2 3 |  3.0
Fighting       | |  3.4
Armour         | |  2.6
Shields        | |  2.6

Action                   || total
-------------------------++-------
Melee: Long sword        ||    58
       Kick              ||    13
Armor: Scale mail        ||    53
Dodge: Dodged            ||    33
Block: Shield            ||    48
       Rpst.: Long sword ||    10
